 Dungeon Crawl Stone Soup version 0.26.0-45-g9c1d065592 (webtiles) character file.

Game seed: 7179793201853473183

(classic levelgen) 2460 thiole the Sneak (level 9, 0/58 HPs)
             Began as an Octopode Hedge Wizard on Feb 1, 2021.
             Slain by a killer bee (10 damage)
             ... on level 7 of the Dungeon.
             The game lasted 00:16:42 (11615 turns).

thiole the Sneak (Octopode Hedge Wizard)           Turns: 11615, Time: 00:16:42

Health: 0/58       AC:  3    Str: 12    XL:     9   Next: 50%
Magic:  17/18      EV: 15    Int: 19    God:
Gold:   359        SH:  5    Dex: 17    Spells: 12/20 levels left

rFire    . . .     SeeInvis .   t - +1 dagger (venom)
rCold    . . .     Faith    .   (no shield)
rNeg     . . .     Spirit   .   b - +0 hat
rPois    .         Reflect  +   j - amulet of reflection
rElec    .         Harm     .   l - +6 ring of dexterity
rCorr    +         Rampage  .   h - ring of resist corrosion
Will     .....                  (no ring)
Stlth    ++++......             (no ring)
HPRegen  0.19/turn              (no ring)
MPRegen  0.16/turn              (no ring)
                                (no ring)
                                (no ring)

@: no status effects
A: almost no armour, stealthy swim, amphibious, 8 rings, constrict 8, icy blue
scales 1, camouflage 1, strong 1, gelatinous body 1
a: no special abilities


You were on level 7 of the Dungeon.
You visited 1 branch of the dungeon, and saw 7 of its levels.

You collected 359 gold pieces.

Inventory:

Hand Weapons
 t - a +1 dagger of venom (weapon)
Armour
 b - a +0 hat (worn)
Jewellery
 h - a ring of resist corrosion (right tentacle)
 j - an amulet of reflection (around mantle)
 l - a +6 ring of dexterity (left tentacle)
 r - a cursed amulet of inaccuracy {unknown}
Scrolls
 c - 3 scrolls of amnesia
 d - a scroll of enchant weapon {unknown}
 e - a scroll of immolation {unknown}
 f - 3 scrolls of remove curse
 g - 2 scrolls of enchant armour {unknown}
 i - 3 scrolls of teleportation
 k - a scroll of magic mapping {unknown}
 m - a scroll of fear {unknown}
 n - a scroll of identify
 o - a scroll of random uselessness
Potions
 q - a potion of invisibility
 s - a potion of might {unknown}


   Skills:
 - Level 4.0 Fighting
 - Level 4.0 Dodging
 - Level 6.0 Stealth
 - Level 6.0 Spellcasting
 - Level 4.0 Conjurations
 - Level 2.0 Summonings
 - Level 6.0 Necromancy
 - Level 1.0 Translocations
 + Level 3.4 Transmutations
 - Level 2.0 Air Magic
 - Level 2.0 Poison Magic


You had 12 spell levels left.
You knew the following spells:

 Your Spells              Type           Power        Failure   Level
a - Magic Dart            Conj           80%          2%          1
b - Call Imp              Summ           13%          8%          2
c - Blink                 Tloc           N/A          11%         2
d - Mephitic Cloud        Conj/Pois/Air  15%          12%         3

Your spell library contained the following spells:

 Spells                   Type           Power        Failure   Level
 Animate Skeleton         Necr           56%          1%          1
 Pain                     Necr           100%         1%          1
 Vampiric Draining        Necr           14%          2%          3
 Animate Dead             Necr           14%          10%         4
 Conjure Flame            Conj/Fire      13%          14%         3
 Slow                     Hex            5%           17%         2
 Gell's Gravitas          Tloc           4%           22%         3
 Agony                    Necr           28%          26%         5
 Confusing Touch          Hex            5%           32%         3
 Petrify                  Tmut/Erth      12%          50%         4
 Yara's Violent Unravell  Hex/Tmut       6%           83%         5
 Metabolic Englaciation   Hex/Ice        2%           97%         5


Dungeon Overview and Level Annotations

Branches:
Dungeon (7/15)
 Temple: D:4-7

Altars:
Elyvilon
Makhleb
Ru
Trog
Uskayaw
Wu Jian
Beogh

Shops:
D:4 (   D:5 [

Annotations:
D:7 4 runed translucent doors, Crazy Yiuf; tabtabtabtab's ghost, novice FeTm


Innate Abilities, Weirdness & Mutations

You cannot wear most types of armour.
You are very stealthy in the water. (Stealth+)
You are amphibious.
You can wear up to eight rings at the same time.
You can use your tentacles to constrict eight enemies at once.
Your skin changes colour to match your surroundings (Stealth+).
Your rubbery body absorbs attacks. (AC +1, EV +1)
You are partially covered in icy blue scales. (AC +2)
Your muscles are strong. (Str +2)


Message History

The killer bee looks as sick as possible!
Your grab misses the killer bee.
The killer bee is almost dead.
* * * LOW HITPOINT WARNING * * *
You feel sick.
You kill the killer bee!
The killer bee barely misses you.
You hit the killer bee.
The killer bee is poisoned.
Your grab misses the killer bee.
The killer bee is moderately wounded.
* * * LOW HITPOINT WARNING * * *
You feel sick. The killer bee barely misses you. The killer bee stings you!
* * * LOW HITPOINT WARNING * * *
You feel better. The killer bee stings you.
* * * LOW HITPOINT WARNING * * *
You are poisoned.
The killer bee poisons you! The killer bee stings you!
* * * LOW HITPOINT WARNING * * *
You feel better. The killer bee stings you!
You die...

#.##...##.#.).#########
#......................
##.##...........#######
##.###.##.....##
##.#.####...## #####.##
##.## y..### #...#
##.#######...###
###...y@.#.....<.#######
#.....##.#<.............
#.#...##.#.......#######
#.###.#...##.###..^### #
#...................# #
#.###.#.#.##.###...## #
#.#.#.##.# ##.## #
##.#.#.##.# #.#
#..#....<.# #.#


You could see a killer bee (poisoned).

Vanquished Creatures
  The ghost of kaeus the Skirmisher, a novice OpFi (D:5)
  Grinder (D:3)
  Eustachio (D:4)
  Menkaure (D:6)
  Edmund (D:6)
  An ice beast (D:5)
  An orc warrior (D:7)
  A phantom (D:5)
  An ogre (D:4)
  A bullfrog (D:6)
  2 scorpions
  5 killer bees (D:7)
  5 wights (D:6)
  A bullfrog zombie (D:5)
  A centaur zombie (D:7)
  A jelly (D:5)
  2 bullfrog skeletons
  2 orc wizards
  An orc priest (D:7)
  3 hounds
  4 worker ants
  2 hound skeletons
  A worker ant zombie (D:7)
  A howler monkey skeleton (D:4)
  5 adders
  4 river rats (D:6)
  A shadow imp (D:6)
  2 oozes
  An adder zombie (D:7)
  6 worms
  3 leopard geckos
  12 orcs
  3 ball pythons
  6 giant cockroaches
  12 goblins
  8 hobgoblins
  4 jackals (D:5)
  7 kobolds
  4 quokkas
  8 bats
  4 frilled lizards
  A leopard gecko skeleton (D:5)
  18 rats
150 creatures vanquished.

Vanquished Creatures (collateral kills)
  Purgy (D:4)
  2 ogres
  A hound (D:4)
  2 orc wizards (D:4)
  A hell rat (D:6)
  An adder (D:4)
  2 river rats (D:6)
  A white imp (D:7)
  5 orcs
16 creatures vanquished.

Vanquished Creatures (others)
  5 plants
5 creatures vanquished.

Grand Total: 171 creatures vanquished

Notes
Turn   | Place    | Note
-------+----------+-------------------------------------------
     0 | D:1      | thiole the Octopode Hedge Wizard began the quest for the
                  | Orb.
     0 | D:1      | Reached XP level 1. HP: 11/11 MP: 4/4
   385 | D:1      | Reached XP level 2. HP: 17/17 MP: 4/6
   616 | D:1      | Reached skill level 1 in Fighting
  1279 | D:2      | Reached XP level 3. HP: 24/24 MP: 3/7
  2259 | D:2      | Reached XP level 4. HP: 29/29 MP: 5/8
  2481 | D:2      | Found a burning altar of Makhleb.
  2877 | D:3      | Reached XP level 5. HP: 34/34 MP: 2/9
  3344 | D:3      | Noticed Grinder
  3364 | D:3      | Killed Grinder
  3365 | D:3      | Reached XP level 6. HP: 8/39 MP: 0/10
  3983 | D:4      | Reached skill level 1 in Poison Magic
  4104 | D:4      | Reached skill level 1 in Air Magic
  4333 | D:4      | Learned a level 2 spell: Call Imp
  4336 | D:4      | Learned a level 2 spell: Blink
  4340 | D:4      | Learned a level 3 spell: Mephitic Cloud
  4360 | D:4      | Reached skill level 1 in Necromancy
  4451 | D:4      | Reached XP level 7. HP: 45/45 MP: 6/11
  4498 | D:4      | Noticed Purgy
  4511 | D:4      | Killed Purgy
  4633 | D:4      | Found a sacrificial altar of Ru.
  4636 | D:4      | Found a bloodstained altar of Trog.
  6144 | D:4      | Found Ujeet's Antique Weapon Shoppe.
  6156 | D:4      | Noticed Eustachio
  6183 | D:4      | Killed Eustachio
  6328 | D:4      | Found an ornate altar of the Wu Jian Council.
  6579 | D:5      | Entered Level 5 of the Dungeon
  6620 | D:5      | Noticed kaeus's ghost (novice OpFi)
  6633 | D:5      | Reached skill level 5 in Necromancy
  6633 | D:5      | Reached XP level 8. HP: 43/50 MP: 3/12
  7015 | D:5      | Found a runed translucent door.
  7783 | D:5      | Found Unyvit's Armour Emporium.
  7804 | D:5      | Found a hide-covered altar of Uskayaw.
  8135 | D:5      | Killed kaeus's ghost
  8148 | D:5      | Gained mutation: Your muscles are strong. (Str +2) [potion
                  | of mutation]
  8148 | D:5      | Gained mutation: You are partially covered in icy blue
                  | scales. (AC +2) [potion of mutation]
  8475 | D:6      | Reached skill level 5 in Spellcasting
  9012 | D:6      | Noticed Edmund
  9015 | D:6      | Reached XP level 9. HP: 44/54 MP: 12/18
  9018 | D:6      | Noticed Menkaure
  9041 | D:6      | Killed Edmund
  9048 | D:6      | Killed Menkaure
  9589 | D:6      | Found a white marble altar of Elyvilon.
  9922 | D:6      | Found the +2 ratskin cloak {*Rats rPois rN+ Str-1 Int-1
                  | Dex+1}
 10289 | D:7      | Found a runed translucent door.
 10290 | D:7      | Noticed Crazy Yiuf
 10960 | D:7      | Found a runed translucent gate.
 10960 | D:7      | Found a runed translucent gate.
 10961 | D:7      | Noticed tabtabtabtab's ghost (novice FeTm)
 10962 | D:7      | Found a runed translucent gate.
 11237 | D:7      | Reached skill level 1 in Transmutations
 11359 | D:7      | Found a roughly hewn altar of Beogh.
 11360 | D:7      | Identified the +8 trident of the Distant Future {vorpal,
                  | *Slow rN+ Will+}
 11615 | D:7      | Slain by a killer bee

Illustrated notes

Levels and vault maps discovered:
D:1:      minmay_arrival_four_houses, layout_basic, hangedman_decor_slide_cut
D:2:      layout_loops_cross, makhleb_blood_cavern_becter
D:3:      layout_basic, roderic_roman_lattice, serial_bayou_pond_b, uniq_grinder
D:4:      layout_layer_cave, nicolae_overflow_hidden_temple, serial_shops,
          nicolae_shop_overgrown_old_shop, kennysheep_flooded_box, uniq_purgy,
          uniq_eustachio
D:5:      layout_basic, lemuel_doored_altar, hellmonk_ghost_happy_afterlife,
          serial_shops, shop, kennysheep_doodads
D:6:      wander_guarded_unrand_ratskin, layout_gridville, elyvilon_altar_5,
          uniq_edmund, uniq_menkaure
D:7:      layout_loops_corners, minmay_temple_entry_trees,
          biasface_ghost_orc_armoury, uniq_pikel, uniq_crazy_yiuf_cottage

Skill      XL: |  1  2  3  4  5  6  7  8  9 |
---------------+----------------------------+-----
Conjurations   | 2 4 |  4.0
Fighting       | 1 2 4 |  4.0
Dodging        | 3 4 |  4.0
Stealth        | 3 6 |  6.0
Summonings     | 2 |  2.0
Poison Magic   | 2 |  2.0
Air Magic      | 1 2 |  2.0
Necromancy     | 1 5 6 |  6.0
Spellcasting   | 6 |  6.0
Transmutations | 3 |  3.4
Translocations | |  1.0

Action                   |  1- 3 |  4- 6 |  7- 9 || total
-------------------------+-------+-------+-------++-------
Melee: Dagger            |    28 |    30 |   205 ||   263
       Constrict         |    10 |     6 |    39 ||    55
       Tentacles         |     7 |     6 |    51 ||    64
 Cast: Magic Dart        |    81 |    89 |   243 ||   413
       Call Imp          |       |     5 |    61 ||    66
       Mephitic Cloud    |       |       |     2 ||     2
  Use: Potion            |       |     4 |     6 ||    10
       Scroll            |       |       |     8 ||     8
 Stab: Sleeping          |     1 |       |     3 ||     4
       Distracted        |       |       |     2 ||     2
       Confused          |       |       |     2 ||     2
Armor: Skin              |     5 |       |    12 ||    17
Dodge: Dodged            |    34 |    35 |   147 ||   216
Block: Other             |       |       |    46 ||    46
